 Dungeon Sprint DCSS version 0.29-a0-416-g83a48905f1 (webtiles) character file.

Game seed: 12003590835690514115

583 mhtbhm the Basher (level 7, -10/48 HPs)
             Began as a Gargoyle Fighter on May 17, 2022.
             Was an Elder of Qazlal.
             Killed from afar by a lindwurm (33 damage)
             ... with a blast of flame
             ... in the Dungeon (Sprint VII: "The Pits").
             The game lasted 00:01:51 (570 turns).

mhtbhm the Basher (Gargoyle Fighter)                 Turns: 570, Time: 00:01:52

Health: -10/48     AC: 18    Str: 21    XL:     7   Next: 37%
Magic:  12/12      EV:  8    Int:  9    God:    Qazlal [****..]
Gold:   0          SH: 10    Dex:  9    Spells: 6/6 levels left

rFire   . . .      SeeInvis .   a - +2 mace
rCold   . . .      Faith    .   c - +0 buckler
rNeg    + . .      Spirit   .   b - +3 chain mail
rPois   ∞          Reflect  .   (no helmet)
rElec   +          Harm     .   (no cloak)
rCorr   .          Rampage  .   (no gloves)
Will    .....      NoTele   +   (no boots)
Stlth   ..........              (no amulet)
HPRegen 0.16/turn               (no ring)
MPRegen 0.13/turn               (no ring)

@: repel missiles
A: sickness immunity, AC +4, negative energy resistance 1, electricity
resistance, torment resistance 1, petrification resistance
a: Renounce Religion, Upheaval, Elemental Force


You were in the Dungeon.
You worshipped Qazlal.
Qazlal was greatly pleased with you.
You visited 1 branch

Inventory:

Hand Weapons
 a - a +2 mace (weapon)
Armour
 b - a +3 chain mail (worn)
 c - a +0 buckler (worn)
Scrolls
 j - a scroll of blinking
 l - 5 scrolls of amnesia
 m - a scroll of summoning
Potions
 d - a potion of might
 e - 5 potions of curing
 f - 2 potions of heal wounds
 g - a potion of haste
 h - 4 potions of magic
 i - 3 potions of berserk rage
 k - 2 potions of invisibility


   Skills:
 + Level 7.7 Fighting
 + Level 8.5 Maces & Flails
 + Level 8.1 Armour
 + Level 2.4 Dodging
 + Level 7.0 Shields
 * Level 7.1 Invocations


You had 6 spell levels left.
You didn't know any spells.
Your spell library was empty.

Dungeon Overview and Level Annotations

Branches:
Dungeon (1/1)

Altars:
Ashenzari
Cheibriados
Dithmenos
Elyvilon
Fedhas
Gozag
Hepliaklqana
Kikubaaqudgha
Makhleb
Nemelex Xobeh
Okawaru
Qazlal
Ru
Sif Muna
Trog
Uskayaw
Vehumet
Wu Jian
Xom
Yredelemnul
Zin
The Shining One
Beogh
Jiyva
Lugonu


Innate Abilities, Weirdness & Mutations

You are immune to sickness and miasma.
Your stone body is resilient. (AC +4)
You are immune to poison.
You resist negative energy. (rN+)
You are resistant to electric shocks. (rElec)
You are resistant to unholy torment.
You are immune to petrification.


Message History

The lindwurm breathes flames at you. The blast of flame hits you!
You are too injured to fight recklessly!
You are too injured to fight recklessly!
You are too injured to fight recklessly!
You are too injured to fight recklessly!
You are too injured to fight recklessly!
You are too injured to fight recklessly!
You are too injured to fight recklessly!
You are too injured to fight recklessly!
You are too injured to fight recklessly!
You are too injured to fight recklessly!
You are too injured to fight recklessly!
You are too injured to fight recklessly!
You feel better. The lindwurm bites you! The lindwurm claws you.
* * * LOW HITPOINT WARNING * * *
You block the lindwurm's attack.
You feel much better. You block the lindwurm's attack. The lindwurm claws you!
You block the lindwurm's attack.
Okay, then.
You aren't carrying any items that you can evoke.
Unknown command.
Aiming: Upheaval
Press: ? - help, Dir - move target
Okay, then.
You sock the lindwurm!
The lindwurm is severely wounded.
You block the lindwurm's attack. x2
The lindwurm claws you but does no damage.
You sock the lindwurm!
The lindwurm is almost dead.
The lindwurm bites you.
The lindwurm claws you but does no damage.
You block the lindwurm's attack.
You hit the lindwurm but do no damage.
The lindwurm is almost dead.
The lindwurm breathes flames at you. The blast of flame hits you!!
Ouch! That really hurt!
You die...

#.#........##.......#
#)###########.......#
#.......# #########
#...#...# #...#...#
#.##.##.#+#
#...#...#.+
#...#...#k#
#.......'@#
###########


You could see a lindwurm (catching breath).

Vanquished Creatures
  A flying skull (D)
  A warg (D)
  2 sky beasts (D)
  A scorpion (D)
  A quasit (D)
  Jessica (D)
  An iguana (D)
  A mummy (D)
  An adder (D)
  A gnoll (D)
  A hobgoblin (D)
  2 ball pythons (D)
  2 bats (D)
  A jackal zombie (D)
17 creatures vanquished.

Notes
Turn   | Place    | Note
-------+----------+-------------------------------------------
     0 | D        | mhtbhm the Gargoyle Fighter began the quest for the Orb.
     0 | D        | Reached XP level 1. HP: 14/14 MP: 1/1
    19 | D        | Reached XP level 2. HP: 19/20 MP: 2/2
    50 | D        | Found a bloodstained altar of Trog.
    50 | D        | Found a shimmering blue altar of Sif Muna.
    50 | D        | Found a viscous altar of Jiyva.
    50 | D        | Found a hazy altar of Hepliaklqana.
    50 | D        | Found an opulent altar of Gozag.
    51 | D        | Found a glowing golden altar of the Shining One.
    51 | D        | Found a glowing silver altar of Zin.
    51 | D        | Found a basalt altar of Yredelemnul.
    51 | D        | Found a shimmering altar of Xom.
    51 | D        | Found an ornate altar of the Wu Jian Council.
    51 | D        | Found a sacrificial altar of Ru.
    51 | D        | Found a stormy altar of Qazlal.
    51 | D        | Found an iron altar of Okawaru.
    51 | D        | Found a sparkling altar of Nemelex Xobeh.
    51 | D        | Found a burning altar of Makhleb.
    51 | D        | Found a blossoming altar of Fedhas.
    51 | D        | Found a white marble altar of Elyvilon.
    51 | D        | Found a shadowy altar of Dithmenos.
    51 | D        | Found a snail-covered altar of Cheibriados.
    53 | D        | Found a radiant altar of Vehumet.
    53 | D        | Found a corrupted altar of Lugonu.
    54 | D        | Found a hide-covered altar of Uskayaw.
    54 | D        | Found an ancient bone altar of Kikubaaqudgha.
    54 | D        | Found a broken altar of Ashenzari.
    64 | D        | Became a worshipper of Qazlal Stormbringer
    89 | D        | Reached * piety under Qazlal
    99 | D        | Noticed a scorpion
   104 | D        | Killed a scorpion
   104 | D        | Reached ** piety under Qazlal
   105 | D        | Reached skill level 5 in Fighting
   105 | D        | Reached skill level 5 in Armour
   105 | D        | Reached skill level 5 in Shields
   105 | D        | Reached XP level 3. HP: 21/26 MP: 2/5
   105 | D        | Reached XP level 4. HP: 25/31 MP: 2/6
   342 | D        | Noticed a warg
   342 | D        | Noticed a flying skull
   342 | D        | Noticed a sky beast
   343 | D        | Noticed Jessica
   343 | D        | Noticed a sky beast
   356 | D        | Killed a warg
   356 | D        | Reached *** piety under Qazlal
   357 | D        | Reached skill level 1 in Dodging
   357 | D        | Reached skill level 5 in Invocations
   357 | D        | Reached XP level 5. HP: 16/37 MP: 6/8
   357 | D        | Reached XP level 6. HP: 18/42 MP: 6/9
   363 | D        | Killed a flying skull
   370 | D        | Killed a sky beast
   376 | D        | Killed Jessica
   377 | D        | Reached XP level 7. HP: 31/48 MP: 8/11
   396 | D        | Reached **** piety under Qazlal
   556 | D        | Noticed a lindwurm
   570 | D        | Killed from afar by a lindwurm

Illustrated notes

Levels and vault maps discovered:
D:        pitsprint [storerooms_1, entrance_room_1, metal_vault_7, armoury_2,
          mini_pit_1, grid_room_1, main_hall_1, silver_pit, the_coven_3,
          the_vestibule_1, steel_vault_3, golden_pit, hallway_of_sentries,
          crystal_vault_1, iron_vault_1, final_vault]

Skill      XL: |  1  2  3  4  5  6  7 |
---------------+----------------------+-----
Fighting       | 4 5 6 7 |  7.7
Armour         | 4 5 6 7 8 |  8.1
Shields        | 4 5 6 7 |  7.0
Maces & Flails | 3 6 7 8 |  8.5
Invocations    | 2 5 6 7 |  7.1
Dodging        | 1 2 |  2.4

Action                   |  1- 3 |  4- 6 |  7- 9 || total
-------------------------+-------+-------+-------++-------
Melee: Flail             |     6 |       |       ||     6
       Mace              |    14 |    40 |    46 ||   100
  Use: Potion            |       |     3 |     2 ||     5
Armor: Scale mail        |    16 |     6 |       ||    22
       Chain mail        |       |    15 |    40 ||    55
Dodge: Dodged            |    15 |    12 |    16 ||    43
Block: Buckler           |     6 |    12 |    30 ||    48

Table legend: (Time is in decaauts)
 A = Elapsed time spent in this place.
 B = Non-inter-level travel time spent in this place.
 C = Inter-level travel time spent in this place.
 D = Time resting spent in this place.
 E = Time spent auto-exploring this place.
 F = Levels seen in this place.
 G = Mean time per level.
                   A        B        C        D        E       F      G
               +--------+--------+--------+--------+--------+-----+--------+
         Total |    584 |    584 |      0 |    280 |      0 |   1 |  584.0 |
       Dungeon |    584 |    584 |      0 |    280 |      0 |   1 |  584.0 |
               +--------+--------+--------+--------+--------+-----+--------+

Top non-repeatable levels by time:
       D: 584 daAuts
